[Event "Hunan Belt and Road Open 2019"]
[Site "Hunan"]
[Date "2019.08.02"]
[Round "5.30"]
[White "Wang, Chen"]
[Black "Xie, Jianjun"]
[Result "1-0"]
[ECO "A41"]
[WhiteElo "2476"]
[BlackElo "2417"]
[Annotator "ChessBase"]
[PlyCount "87"]
[EventDate "2019.07.29"]
[EventType "swiss"]
[EventCountry "CHN"]
[SourceTitle "playchess.com"]
[Source "ChessBase"]
[SourceQuality "1"]
[TimeControl "5400+30"]

1. e4 d6 2. d4 Nf6 3. Nc3 c6 4. Nf3 Bg4 5. h3 Bh5 6. g4 Bg6 7. Qe2 e6 8. h4 h5 9. g5 Nfd7 10. Bh3 Be7 11. O-O d5 12. Re1 Nf8 13. exd5 cxd5 14. Qb5+ Qd7 15. Nxd5 Qxb5 16. Nc7+ Kd8 17. Nxb5 a6 18. Nc3 Bxc2 19. d5 Nbd7 20. dxe6 Nxe6 21. Bxe6 fxe6 22. Nd4 Bf5 23. Nxe6+ Bxe6 24. Rxe6 Bc5 25. Bf4 Re8 26. Rxe8+ Kxe8 27. Ne4 Rc8 28. Rc1 Rc6 29. Kg2 Ke7 30. Bd2 Bd4 31. Rxc6 bxc6 32. b3 Ke6 33. f4 g6 34. Kf3 Nc5 35. Ng3 Bb2 36. f5+ gxf5 37. Nxh5 Ne4 38. Nf4+ Kf7 39. Be1 Bc3 40. Bxc3 Nxc3 41. h5 Nxa2 42. Nd3 Nc3 43. Ne5+ Kg7 44. Nxc6 1-0

[Event "Hunan Belt and Road Open 2019"]
[Site "Hunan"]
[Date "2019.08.02"]
[Round "5.34"]
[White "Gan-Erdene, Sugar"]
[Black "Fang, Yuxiang"]
[Result "1/2-1/2"]
[ECO "C54"]
[WhiteElo "2408"]
[BlackElo "2476"]
[Annotator "ChessBase"]
[PlyCount "104"]
[EventDate "2019.07.29"]
[EventType "swiss"]
[EventCountry "CHN"]
[SourceTitle "playchess.com"]
[Source "ChessBase"]
[SourceQuality "1"]
[TimeControl "5400+30"]

1. e4 e5 2. Nf3 Nc6 3. Bc4 Nf6 4. d3 Bc5 5. c3 d6 6. a4 a5 7. O-O h6 8. Nbd2 O-O 9. h3 Be6 10. Re1 Qe7 11. b3 Ba7 12. Nf1 Bxc4 13. bxc4 Qe6 14. Nh4 Ne7 15. Qf3 Kh7 16. Rb1 Rab8 17. Ng3 Nfg8 18. Rb5 Bc5 19. Rxa5 Ra8 20. Rb5 Rxa4 21. Rxb7 Bb6 22. Nhf5 g6 23. Nxe7 Nxe7 24. Rxb6 cxb6 25. Qe3 Ng8 26. Qxb6 Ra1 27. Bd2 Rxe1+ 28. Bxe1 Ra8 29. Bd2 Qd7 30. Be3 h5 31. Kh2 Ra1 32. Ne2 h4 33. Ng1 f6 34. Nf3 g5 35. Qb8 Kg7 36. c5 Qa4 37. Qc7+ Kh8 38. Bxg5 fxg5 39. Nxg5 Qa7 40. Qxd6 Qg7 41. Nf3 Rf1 42. Nxe5 Rxf2 43. Ng4 Rf8 44. d4 Nf6 45. Nxf6 Rxf6 46. Qe5 Rf2 47. Qh5+ Kg8 48. Qe8+ Kh7 49. Qh5+ Kg8 50. Qe8+ Kh7 51. Qh5+ Kg8 52. Qe8+ Kh7 1/2-1/2

[Event "Hunan Belt and Road Open 2019"]
[Site "Hunan"]
[Date "2019.08.02"]
[Round "5.35"]
[White "Zhao, Chenxi"]
[Black "Liu, Guanchu"]
[Result "1-0"]
[ECO "B31"]
[WhiteElo "2400"]
[BlackElo "2449"]
[Annotator "NA"]
[PlyCount "101"]
[EventDate "2019.07.29"]
[EventType "swiss"]
[EventCountry "CHN"]
[SourceTitle "playchess.com"]
[Source "ChessBase"]
[SourceQuality "1"]
[TimeControl "5400+30"]

1. e4 c5 2. Nf3 Nc6 3. Bb5 g6 4. O-O Bg7 5. c3 Nf6 6. Re1 O-O 7. h3 Qb6 8. Na3 d5 9. e5 Ne8 10. Qa4 Nc7 11. Bxc6 Qxc6 12. Qh4 Bf5 13. d4 Ne6 14. dxc5 Nxc5 15. Bh6 Bxh6 16. Qxh6 Ne6 17. Rad1 Rad8 18. Qe3 Qc5 19. Nd4 Nxd4 20. Rxd4 Rd7 21. Ra4 Qxe3 22. Rxe3 a6 23. g4 Be6 24. Nc2 Rc7 25. Nd4 Rd8 26. Kg2 Rc4 27. Ra5 Bc8 28. Kg3 b6 29. Ra3 g5 30. Rb3 b5 31. Rb4 Kf8 32. a3 Bd7 33. h4 gxh4+ 34. Kxh4 a5 35. Rxc4 dxc4 36. f4 Rb8 37. f5 b4 38. axb4 axb4 39. Kg5 bxc3 40. bxc3 Kg7 41. f6+ exf6+ 42. exf6+ Kf8 43. Re7 Rd8 44. Re5 Rc8 45. Rd5 h6+ 46. Kxh6 Bxg4 47. Rg5 Bd1 48. Kh7 Ke8 49. Kg7 Rc7 50. Re5+ Kd8 51. Rd5+ 1-0

[Event "Hunan Belt and Road Open 2019"]
[Site "Hunan"]
[Date "2019.08.02"]
[Round "5.36"]
[White "Li, Shilong"]
[Black "Munkhgal, Gombosuren"]
[Result "1/2-1/2"]
[ECO "C07"]
[WhiteElo "2457"]
[BlackElo "2442"]
[Annotator "ChessBase"]
[PlyCount "127"]
[EventDate "2019.07.29"]
[EventType "swiss"]
[EventCountry "CHN"]
[SourceTitle "playchess.com"]
[Source "ChessBase"]
[SourceQuality "1"]
[TimeControl "5400+30"]

1. e4 e6 2. d4 d5 3. Nd2 c5 4. exd5 Qxd5 5. dxc5 Bxc5 6. Ngf3 Nf6 7. Bc4 Qc6 8. Qe2 O-O 9. O-O Qc7 10. Ne4 Nxe4 11. Qxe4 Qc6 12. Qh4 Be7 13. Qxe7 Qxc4 14. b3 Qb5 15. Rd1 Nc6 16. Qc7 Qh5 17. Ba3 Re8 18. Nd4 Nxd4 19. Rxd4 h6 20. Re1 e5 21. Rd8 f6 22. Rxe8+ Qxe8 23. f4 Bd7 24. Qxb7 Bc6 25. Qa6 Rd8 26. Bc1 Qd7 27. fxe5 fxe5 28. Qc4+ Kh8 29. h3 Qd6 30. Bb2 Re8 31. Qg4 Bb7 32. Qg3 Qb6+ 33. Qf2 Qa5 34. Qg3 Qb6+ 35. Qf2 Qa5 36. Kh2 Re6 37. Re2 Qd5 38. Qf8+ Kh7 39. Qf5+ Kg8 40. c4 Qc6 41. Rd2 Re8 42. Qd7 Re6 43. Qxc6 Bxc6 44. Kg1 Kf7 45. Kf2 Rg6 46. Kf1 Ke6 47. Re2 Rg5 48. g4 h5 49. Bc1 Rg6 50. gxh5 Rg3 51. Bb2 Rg5 52. Bd4 a6 53. Bf2 Bg2+ 54. Ke1 Bxh3 55. Rd2 Rxh5 56. c5 Bg2 57. Rd6+ Kf5 58. Rxa6 Ke4 59. c6 Kd3 60. Bg1 Rf5 61. Bf2 Rh5 62. Bg1 Rf5 63. Bf2 Rh5 64. Bg1 1/2-1/2